 Dungeon Crawl Stone Soup version 0.19-a0-733-geeb8733 (webtiles) character file.

93 Magifyre the Magician (level 4, -9/24 HPs)
             Began as a Deep Elf Summoner on June 22, 2016.
             Mangled by a black bear (13 damage)
             ... on level 3 of the Dungeon.
             The game lasted 00:17:17 (3643 turns).

Magifyre the Magician (Deep Elf Summoner)           Turns: 3643, Time: 00:17:18

Health: -9/24      AC:  4    Str:  5    XL:     4   Next: 37%
Magic:  7/13       EV: 13    Int: 21    God:
Gold:   90         SH:  0    Dex: 15    Spells: 2 memorised, 10 levels left

rFire  . . .     SeeInvis .     l - +3 short sword
rCold  . . .     Gourm    .     a - +0 robe
rNeg   . . .     Faith    .     (no shield)
rPois  .         Spirit   .     (no helmet)
rElec  .         Dismiss  +     (no cloak)
rCorr  .         Reflect  .     u - +0 pair of gloves
SustAt .         Harm     .     t - +0 pair of boots
MR     .....                    j - amulet of dismissal
Stlth  ++........               (no ring)
                                (no ring)

@: not resistant to hostile enchantments, unstealthy
A: no striking features
a: no special abilities


You were on level 3 of the Dungeon.
You were not hungry.

You visited 1 branch of the dungeon, and saw 3 of its levels.

You collected 90 gold pieces.

Inventory:

Hand Weapons
 l - a +3 short sword (weapon)
Missiles
 h - 49 poisoned needles (quivered)
 s - a throwing net
Armour
 a - a +0 robe (worn)
 t - a +0 pair of boots (worn)
 u - a +0 pair of gloves (worn)
Jewellery
 j - an amulet of dismissal (around neck)
Scrolls
 e - 2 scrolls of remove curse
 i - a scroll of teleportation
Potions
 d - a potion of cancellation
 k - a potion of invisibility
 m - a potion of curing {unknown}
 p - a potion of agility {unknown}
 q - a potion of flight {unknown}
 r - a potion of mutation {unknown}
Books
 b - a book of Callings

   Spells                             Type                      Level
   a - Summon Small Mammal            Summoning                    1
   b - Call Imp                       Summoning                    2
   c - Call Canine Familiar           Summoning                    3
   d - Summon Guardian Golem          Hexes/Summoning              3
   e - Summon Lightning Spire         Summoning/Air                4
   f - Summon Ice Beast               Ice/Summoning                4
Comestibles
 c - 3 bread rations
 f - 2 meat rations
 n - a slice of pizza
 o - a beef jerky


   Skills:
 - Level 2.4 Dodging
 - Level 2.4 Stealth
 * Level 5.3 Spellcasting
 + Level 5.2 Summonings


You had 10 spell levels left.
You knew the following spells:

 Your Spells              Type           Power        Failure   Level  Hunger
a - Summon Small Mammal   Summ           ####         1%          1    None
b - Call Imp              Summ           ####....     1%          2    None


Dungeon Overview and Level Annotations

Branches:
Dungeon (3/15)

Altars:

Annotations:
D:3 Purgy


Message History

The black bear bites you. The black bear claws you. x2
Your quokka barely misses the black bear.
Your quokka closely misses the black bear.
The black bear bites your crimson imp!
The black bear closely misses your crimson imp.
The black bear claws your crimson imp.
Your crimson imp dies!
Your quokka barely misses the black bear.
The black bear bites you!
* * * LOW HITPOINT WARNING * * *
The black bear barely misses you. x2
You see here 11 stones.
Casting: Summon Small Mammal
Confirm with . or Enter, or press ? or * to list all spells.
Okay, then.
You barely miss the black bear.
The black bear is severely wounded.
The black bear bites you!
Ouch! That really hurt!
You die...

...# #....# #..# #....# #..####
#....# #.....# #..##############
......# ##..# #..........
#.....##### ##...# #......[...
#.........## #...## #...)......
#.....###..####..######..........
....<.# ##....rh@##........######
.###### #....r.....######.# .#
###.###.....## #.# .#
#..<#....##.##### #.# .#
#..###.##.##...5.###.# .# #.#
#..##.######.....###### .######.#
#.###.# #####....... ........#
#.# #.# #.....#.... <.#########.#
#.# ##.###.#....


You could see a black bear (berserk) and 2 friendly quokkas.

Vanquished Creatures
  An ooze (D:3)
  A giant gecko (D:3)
  4 giant cockroaches
  A hobgoblin (D:3)
  A jackal (D:3)
  3 bats (D:3)
  3 kobolds
  2 rats (D:2)
16 creatures vanquished.

Vanquished Creatures (collateral kills)
  A centaur skeleton (D:3)
  3 adders
  2 oozes
  2 worms
  A dart slug (D:1)
  3 orcs (D:3)
  6 bats
  A giant cockroach (D:1)
  5 goblins
  7 hobgoblins
  3 jackals (D:3)
  7 kobolds
  A quokka (D:3)
  2 giant newts
  6 rats
50 creatures vanquished.

Grand Total: 66 creatures vanquished

Notes
Turn   | Place    | Note
--------------------------------------------------------------
     0 | D:1      | Magifyre the Deep Elf Summoner began the quest for the Orb.
     0 | D:1      | Reached XP level 1. HP: 10/10 MP: 6/6
   787 | D:1      | Reached XP level 2. HP: 15/15 MP: 4/8
   791 | D:1      | Learned a level 2 spell: Call Imp
  1554 | D:2      | Reached XP level 3. HP: 10/19 MP: 2/10
  2114 | D:3      | Noticed Purgy
  2588 | D:3      | Noticed a black bear
  2896 | D:3      | Reached skill level 5 in Summonings
  3101 | D:3      | Reached skill level 5 in Spellcasting
  3106 | D:3      | Reached XP level 4. HP: 24/24 MP: 2/13
  3643 | D:3      | Mangled by a black bear

Vault maps used:
D:1:      mushboom_english_gardens
D:3:      first_bread, minmay_misc_feat_enclosed, st_stairs_7, uniq_purgy

Skill      XL: |  1  2  3 |
---------------+----------+-----
Spellcasting   | 4 5 |  5.3
Summonings     | 5 |  5.2
Dodging        | |  2.4
Stealth        | |  2.4

Action                   |  1- 3 |  4- 6 || total
-------------------------+-------+-------++-------
Melee: Short sword       |    39 |     5 ||    44
 Cast: Summon Small Mamm |   144 |    26 ||   170
       Call Imp          |    25 |     4 ||    29
  Use: Scroll            |     6 |       ||     6
 Stab: Distracted        |     2 |       ||     2
  Eat: Chunk             |     7 |     2 ||     9
Armor: Robe              |    13 |     1 ||    14
Dodge: Dodged            |    50 |     7 ||    57
